 Dungeon Crawl Stone Soup version 0.22-a0-480-g991dd4b (webtiles) character file.

217 Amnesiac the Prestidigitator (level 5, -1/25 HPs)
             Began as a Spriggan Artificer on June 16, 2018.
             Slain by an adder (5 damage)
             ... on level 4 of the Dungeon.
             The game lasted 00:05:23 (852 turns).

Amnesiac the Prestidigitator (Spriggan Artificer)    Turns: 852, Time: 00:05:24

Health: -1/25      AC:  2    Str:  6    XL:     5   Next: 61%
Magic:  12/12      EV: 18    Int: 16    God:
Gold:   106        SH:  2    Dex: 16    Spells: 4/4 levels left

rFire    . . .     SeeInvis +   x - +0 fustibalus
rCold    . . .     Gourm    .   (shield restricted)
rNeg     . . .     Faith    .   b - +0 robe
rPois    .         Spirit   .   (helmet restricted)
rElec    .         Reflect  +   (no cloak)
rCorr    .         Harm     .   (gloves unavailable)
MR       .....                  (boots unavailable)
Stlth    ++........             j - +2 amulet of reflection
HPRegen  0.08/turn              p - +3 ring of intelligence
MPRegen  0.13/turn              u - -3 ring of strength (curse)

@: very quick
A: very small, unfitting armour, see invisible, herbivore, speed 3, slow
metabolism 2
a: no special abilities


You were on level 4 of the Dungeon.
You were not hungry.

You visited 1 branch of the dungeon, and saw 5 of its levels.

You collected 106 gold pieces.

Inventory:

Hand Weapons
 a - a +0 short sword
 x - a +0 fustibalus (weapon)
Missiles
 g - 70 stones (quivered)
 v - 22 sling bullets
Armour
 b - a +0 robe (worn)
Jewellery
 j - a +2 amulet of reflection (around neck)
 p - a +3 ring of intelligence (left hand)
 u - a cursed -3 ring of strength (right hand)
Wands
 c - a wand of flame (13)
 d - a wand of enslavement (14)
 e - a wand of random effects (46)
Scrolls
 h - 4 scrolls of teleportation {!r, unknown}
 l - a scroll of enchant weapon {!r, unknown}
 m - 3 scrolls of amnesia {!r, unknown}
 o - 3 scrolls of identify {!r, unknown}
 q - a scroll of enchant armour {!r, unknown}
 s - a scroll of remove curse {!r, unknown}
 t - 2 scrolls of magic mapping {!r, unknown}
 w - a scroll of fog {!r, unknown}
Potions
 i - 2 potions of invisibility {!q, unknown}
 k - a potion of curing {!q}
 n - a potion of flight {!q, unknown}
 r - a potion of magic {!q, unknown}
Comestibles
 f - 4 rations


   Skills:
 - Level 0.7 Fighting
 - Level 1.1 Short Blades
 - Level 3.0 Dodging
 - Level 1.5 Stealth
 + Level 8.5 Evocations


You had 4 spell levels left.
You didn't know any spells.
Your spell library was empty.

Dungeon Overview and Level Annotations

Branches:
Dungeon (5/15)
 Temple: D:4-7

Altars:
Ru


Innate Abilities, Weirdness & Mutations

You are very small and have problems with some larger weapons.
You are too small for most types of armour.
You have supernaturally acute eyesight. (SInv)
You are a herbivore.
You cover ground extremely quickly.
You need to consume almost no food.


Message History

There is an escape hatch in the floor here.
You slide downwards.
The hatch slams shut behind you.
An adder comes into view.
Found an escape hatch in the floor.
Found a robe.
The adder hisses angrily.
A centaur skeleton comes into view.
The centaur skeleton closely misses you.
The centaur skeleton misses you. The centaur skeleton hits you.
A ball python comes into view.
Found 19 bolts.
The ball python hisses angrily.
Found a stone staircase leading up.
Found a fustibalus.
Found 7 gold pieces.
You see here 19 bolts.
You see here a fustibalus.
x - a fustibalus
Found a leather armour.
Found a short sword.
You see here 7 gold pieces.
You now have 96 gold pieces (gained 7).
The adder bites you.
You are poisoned.
The adder poisons you!
A leopard gecko zombie comes into view.
You feel sick.
Found a stone staircase leading down.
You feel sick.
Found 31 stones.
An ogre comes into view. It is wielding a giant spiked club.
An ice beast comes into view.
A leopard gecko comes into view.
You feel sick.
Found 10 gold pieces.
You now have 106 gold pieces (gained 10).
You feel sick.
You are no longer poisoned.
Found an escape hatch in the ceiling.
Found a stone staircase leading up.
Found 13 gold pieces.
There is a stone staircase leading up here.
You block the adder's attack. The adder barely misses you.
Wield which item (- for none, * to show all)? (? for menu, Esc to quit)
x - a +0 fustibalus (weapon)
Firing (i - inventory. (/) - cycle)
g - 71 stones (quivered)
Press: ? - help, Shift-Dir - straight line, f - centaur skeleton
Aim: a centaur skeleton You shoot a stone.
The stone hits the centaur skeleton.
The centaur skeleton is lightly damaged.
The centaur skeleton hits you!
* * * LOW HITPOINT WARNING * * *
The centaur skeleton misses you.
The leopard gecko hisses angrily.
There is an escape hatch in the ceiling here.
A mysterious force pulls you upwards. The hatch slams shut behind you.
The hobgoblin barely misses you.
The adder hisses angrily.
There is an escape hatch in the ceiling here.
The hobgoblin hits you with a club.
* * * LOW HITPOINT WARNING * * *
The adder bites you.
You die...

#...# # #.#.# #
#######...# #
#..(......## #
#.......#..#### #
#.......#.....#
#.......##....######
#...........g..†....
#..@S....###.'######
#..g......a..#...#..
#.......###..#.).#..
######### #..#......
############._.#
#....# ###......
#....###.#...#..
#........#S..#..
#....##..+######


You could see a worker ant (wandering), an adder and a hobgoblin.

Vanquished Creatures
  Grinder (D:4)
  An adder skeleton (D:4)
  2 goblins
  A ball python (D:4)
  2 bats (D:4)
  A rat (D:1)
8 creatures vanquished.

Vanquished Creatures (collateral kills)
  An adder (D:4)
1 creature vanquished.

Vanquished Creatures (others)
  A worker ant (D:4)
1 creature vanquished.

Grand Total: 10 creatures vanquished

Notes
Turn   | Place    | Note
-------+----------+-------------------------------------------
     0 | D:1      | Amnesiac the Spriggan Artificer began the quest for the Orb.
     0 | D:1      | Reached XP level 1. HP: 9/9 MP: 4/4
   316 | D:4      | Noticed Grinder
   352 | D:4      | Killed Grinder
   352 | D:4      | Reached skill level 8 in Evocations
   352 | D:4      | Reached XP level 2. HP: 14/14 MP: 5/8
   352 | D:4      | Reached XP level 3. HP: 17/17 MP: 5/9
   352 | D:4      | Reached XP level 4. HP: 21/21 MP: 6/11
   352 | D:4      | Reached XP level 5. HP: 25/25 MP: 6/12
   411 | D:4      | Found a sacrificial altar of Ru.
   741 | D:5      | Entered Level 5 of the Dungeon
   791 | D:5      | Noticed an ogre
   792 | D:5      | Noticed an ice beast
   852 | D:4      | Slain by an adder

Vault maps used:
D:1:      dpeg_arrival_rooms_b
D:2:      serial_glass, glass_columns_c, glass_columns_a,
          minmay_strange_pillars, item_on_display_b, feat_on_display,
          feat_on_display
D:3:      grunt_temple_overflow_open
D:4:      first_ration, nicolae_ru_great_annihilating_truth, uniq_grinder

Skill      XL: |  1 |
---------------+----+-----
Evocations     | 8 |  8.5
Fighting       | |  0.7
Short Blades   | |  1.1
Dodging        | |  3.0
Stealth        | |  1.5

Action                   |  1- 3 |  4- 6 || total
-------------------------+-------+-------++-------
Melee: Short sword       |    13 |    18 ||    31
 Fire: Fustibalus        |       |     1 ||     1
Evoke: Wand              |     5 |     1 ||     6
  Use: Potion            |       |     1 ||     1
 Stab: Paralysed         |     6 |     1 ||     7
Armor: Robe              |    11 |    13 ||    24
Dodge: Dodged            |    76 |    59 ||   135
Block: Other             |     8 |     5 ||    13

Table legend:
 A = Spawn XP
 B = Non-spawn XP
 C = Spawn XP percentage of total XP
 D = Spawn monster count
 E = Non-spawn monster count
 F = Spawn count percentage of total count
 G = Total turns spent on level
                    A         B        C        D         E        F      G
               +---------+---------+-------+---------+---------+-------+---------
         Total |       0 |     310 |   0.0 |       0 |       9 |   0.0 |   852
               +---------+---------+-------+---------+---------+-------+---------
           D:1 |       0 |       3 |   0.0 |       0 |       2 |   0.0 |   118
           D:4 |       0 |     307 |   0.0 |       0 |       7 |   0.0 |   404
               +---------+---------+-------+---------+---------+-------+---------
